 Dungeon Crawl Stone Soup version 0.29-a0-668-g12ee2bf84d (webtiles) character file.

Game seed: 10649223686523304920

295 blackman the Poker (level 6, -2/47 HPs)
             Began as a Human Delver on June 23, 2022.
             Was a Priest of Elyvilon.
             Slain by an ufetubus (4 damage)
             ... on level 4 of the Dungeon.
             The game lasted 00:10:41 (5024 turns).

blackman the Poker (Human Delver)                   Turns: 5024, Time: 00:10:42

Health: -2/47      AC:  8    Str: 13 (14) XL:     6   Next: 61%
Magic:  0/6        EV:  2    Int: 10 (11) God:    Elyvilon [***...]
Gold:   185        SH:  0    Dex: -1 (14) Spells: 5/5 levels left

rFire   . . .      SeeInvis .   m - +1 glaive
rCold   + . .      Faith    .   (shield currently unavailable)
rNeg    . . .      Spirit   +   z - +1 scale mail {rC+}
rPois   .          Reflect  .   (helmet restricted)
rElec   +          Harm     .   (no cloak)
rCorr   .          Rampage  .   (no gloves)
Will    .....                   o - +0 pair of boots
Stlth   ..........              k - amulet of guardian spirit
HPRegen 0.15/turn               (no ring)
MPRegen 0.10/turn               (no ring)

@: about to teleport, slowed, lost dexterity, very slow
A: antennae 1, electricity resistance
a: Renounce Religion, Purification, Heal Other, Heal Self


You were on level 4 of the Dungeon.
You worshipped Elyvilon.
Elyvilon was most pleased with you.
You visited 2 branches of the dungeon, and saw 6 of its levels.

You collected 185 gold pieces.

Inventory:

Hand Weapons
 a - a +0 hand axe
 m - a +1 glaive (weapon)
Missiles
 l - 16 poisoned darts (quivered)
Armour
 b - a +0 leather armour
 o - a +0 pair of boots (worn)
 p - a +0 ring mail of fire resistance
 z - a +1 scale mail of cold resistance (worn)
Jewellery
 k - an amulet of guardian spirit (around neck)
 x - an amulet of magic regeneration
Wands
 g - a wand of digging (3)
 y - a wand of flame (23)
Scrolls
 c - a scroll of fog
 d - 3 scrolls of identify
 h - a scroll of magic mapping
 j - 2 scrolls of enchant weapon
 n - a scroll of noise {unknown}
 r - 4 scrolls of teleportation
 s - a scroll of silence
 u - a scroll of amnesia
Potions
 e - a potion of degeneration
 A - a potion of might {unknown}


   Skills:
 - Level 3.0 Fighting
 - Level 3.3(4.8) Axes
 * Level 5.4(5.9) Polearms
 - Level 2.0 Dodging
 - Level 5.0 Stealth


You had 5 spell levels left.
You didn't know any spells.
Your spell library contained the following spells:

 Spells                   Type           Power      Damage    Failure   Level
 Magic Dart               Conj           0%         1d3       88%         1
 Call Imp                 Summ           0%         N/A       96%         2
 Sublimation of Blood     Necr           0%         N/A       96%         2
 Wereblood                Tmut           0%         N/A       96%         2
 Gell's Gravitas          Tloc           0%         N/A       99%         3
 Lesser Beckoning         Tloc           0%         N/A       99%         3
 Mephitic Cloud           Conj/Pois/Air  0%         N/A       99%         3
 Teleport Other           Tloc           0%         N/A       99%         3
 Summon Hydra             Summ           0%         N/A       100%        7


Dungeon Overview and Level Annotations

Branches:
Dungeon (5/15)             Temple (1/1) D:5

Altars:
Ashenzari
Cheibriados
Dithmenos
Elyvilon
Fedhas
Gozag
Hepliaklqana
Kikubaaqudgha
Makhleb
Nemelex Xobeh
Okawaru
Ru
Sif Muna
Trog
Uskayaw
Wu Jian
Xom
Yredelemnul
The Shining One

Annotations:
D:2 1 runed translucent door, Crazy Yiuf


Innate Abilities, Weirdness & Mutations

You have a pair of small antennae on your head.
You are resistant to electric shocks. (rElec)


Message History

The ufetubus hits you but does no damage.
The ufetubus barely misses you.
The ufetubus hits you but does no damage.
The ufetubus hits you.
* * * LOW HITPOINT WARNING * * *
The ufetubus hits you but does no damage. x4
You hit the ufetubus.
The ufetubus is severely wounded.
The ufetubus hits you but does no damage.
The ufetubus hits you.
* * * LOW HITPOINT WARNING * * *
The ufetubus hits you but does no damage. x4
You miss the ufetubus.
The ufetubus is severely wounded.
The ufetubus hits you. x2
The ufetubus hits you but does no damage.
The ufetubus barely misses you. The ufetubus hits you.
* * * LOW HITPOINT WARNING * * *
The ufetubus hits you but does no damage.
You miss the ufetubus.
The ufetubus is severely wounded.
The ufetubus hits you. x2
* * * LOW HITPOINT WARNING * * *
The ufetubus hits you but does no damage.
The ufetubus hits you.
* * * LOW HITPOINT WARNING * * *
The ufetubus hits you.
* * * LOW HITPOINT WARNING * * *
The ufetubus hits you but does no damage.
You closely miss the ufetubus.
The ufetubus is heavily wounded.
The ufetubus hits you but does no damage.
The ufetubus barely misses you.
The ufetubus hits you but does no damage. x4
As you read the scroll of teleportation, it crumbles to dust.
You feel strangely unstable. The ufetubus hits you.
* * * LOW HITPOINT WARNING * * *
The ufetubus hits you but does no damage. x2
The ufetubus hits you. x2
You die...

#..# .# #... ..
..#.$..... .#
##..... ### ..#
#......
..##..♣§. #....
#.#...§§P##....
####.[..PP§
#..... ##@5...#
#... ##..###.#
#... #..## ..5
....#. ##.##
..... . ##
#####..#
....... #
#.....##
....... #
#.....# .......
# #.....#
....... #
#.......... #


You could see an ufetubus.

Vanquished Creatures
  A quasit (D:3)
  Jessica (D:2)
  Ijyb (D:3)
  An iguana (D:4)
  Terence (D:3)
  A gnoll (D:1)
  7 adders
  3 white imps (D:4)
  4 dart slugs
  7 ball pythons
  5 endoplasms
  5 giant cockroaches
  8 hobgoblins
  3 quokkas
  3 bats
  7 goblins
  9 kobolds
  A rat (D:1)
68 creatures vanquished.

Notes
Turn   | Place    | Note
-------+----------+-------------------------------------------
     0 | D:5      | blackman the Human Delver began the quest for the Orb.
     0 | D:5      | Reached XP level 1. HP: 18/18 MP: 1/1
    11 | D:5      | Found a staircase to the Ecumenical Temple.
    18 | Temple   | Entered the Ecumenical Temple
   169 | Temple   | Became a worshipper of Elyvilon the Healer
   201 | D:5      | Noticed an orc wizard
   224 | D:4      | Noticed a phantom
   294 | D:4      | Noticed a quasit
   563 | D:2      | Reached XP level 2. HP: 24/24 MP: 2/2
   713 | D:2      | Noticed Jessica
   897 | D:1      | Reached * piety under Elyvilon
  1112 | D:1      | Reached XP level 3. HP: 28/29 MP: 3/3
  1447 | D:1      | Reached skill level 1 in Polearms
  2105 | D:1      | Found a faded altar of an unknown god.
  2255 | D:2      | Reached XP level 4. HP: 35/35 MP: 4/4
  2265 | D:2      | Reached ** piety under Elyvilon
  2418 | D:2      | Found a runed translucent door.
  2419 | D:2      | Noticed Crazy Yiuf
  2846 | D:2      | Reached XP level 5. HP: 41/41 MP: 5/5
  2852 | D:2      | Killed Jessica
  3208 | D:3      | Noticed Terence
  3212 | D:3      | Killed Terence
  3534 | D:3      | Noticed Ijyb
  3545 | D:3      | Killed Ijyb
  3546 | D:3      | Reached XP level 6. HP: 30/47 MP: 3/6
  4061 | D:4      | Reached *** piety under Elyvilon
  4084 | D:3      | Reached skill level 5 in Polearms
  4315 | D:4      | Gained mutation: You are resistant to electric shocks.
                  | (rElec) [potion of mutation]
  4315 | D:4      | Gained mutation: You have a pair of small antennae on your
                  | head. [potion of mutation]
  4315 | D:4      | HP: 2/47 [quasit (1)]
  4317 | D:4      | Elyvilon protects you from harm!
  4320 | D:4      | Lost dexterity.
  5024 | D:4      | HP: 2/47 [ufetubus (3)]
  5024 | D:4      | Slain by an ufetubus

Illustrated notes

Levels and vault maps discovered:
D:1:      dpeg_arrival_tiny_h, layout_basic, dilly_ecumenical_altar_fadedgnrine,
          minmay_pentomino_x4
D:2:      layout_loops_cross, uniq_crazy_yiuf_cottage, uniq_jessica
D:3:      layout_loops_ring, uniq_terence, uniq_ijyb
D:4:      layout_rooms, serial_demonic, serial_demonic_b, serial_demonic_b,
          serial_demonic_f, serial_demonic_f, minmay_pentomino_pile
D:5:      layout_rooms, minmay_temple_entry_statues, serial_glass,
          glass_columns_c, glass_columns_a, minmay_a_box_with_orc_wizards_in_it
Temple:   compressed_dpeg_triangle_lava_temple

Skill      XL: |  1  2  3  4  5  6 |
---------------+-------------------+-----
Axes           | 3 |  3.3
Polearms       | 2 3 4 5 |  5.4
Fighting       | |  3.0
Dodging        | |  2.0
Stealth        | |  5.0

Action                   |  1- 3 |  4- 6 || total
-------------------------+-------+-------++-------
Melee: Hand axe          |    43 |       ||    43
       Glaive            |    28 |   171 ||   199
  Use: Scroll            |     3 |     5 ||     8
       Potion            |     1 |     7 ||     8
 Stab: Sleeping          |    12 |    10 ||    22
Armor: Leather armour    |    12 |       ||    12
       Ring mail         |     3 |    38 ||    41
       Scale mail        |       |   254 ||   254
Dodge: Dodged            |    31 |   189 ||   220

Table legend: (Time is in decaauts)
 A = Elapsed time spent in this place.
 B = Non-inter-level travel time spent in this place.
 C = Inter-level travel time spent in this place.
 D = Time resting spent in this place.
 E = Time spent auto-exploring this place.
 F = Levels seen in this place.
 G = Mean time per level.
                   A        B        C        D        E       F      G
               +--------+--------+--------+--------+--------+-----+--------+
         Total |   5467 |   5150 |    317 |   1355 |   2936 |   6 |  911.2 |
       Dungeon |   5310 |   5010 |    300 |   1355 |   2812 |   5 | 1062.0 |
        Temple |    156 |    139 |     17 |      0 |    124 |   1 |  156.0 |
               +--------+--------+--------+--------+--------+-----+--------+

Top non-repeatable levels by time:
     D:1: 1436 daAuts
     D:3: 1348 daAuts
     D:2: 1251 daAuts
     D:5: 850 daAuts
     D:4: 423 daAuts
  Temple: 156 daAuts
